 Dungeon Sprint DCSS version 0.30.1 (webtiles) character file.

Game seed: 2158784675659023798

25061 boopmooplesden the Phalangite (level 22, -6/215 HPs)
             Began as a Black Draconian Berserker on July 8, 2023.
             Was the Champion of Trog.
             Mangled by a green draconian
             ... wielding a +0 battleaxe
              (18 damage)
             ... in the Dungeon (Sprint VI: "Thunderdome").
             The game lasted 00:16:44 (3029 turns).

boopmooplesden the Phalangite (DrBe)                Turns: 3029, Time: 00:16:46

Health: -6/215     AC: 22    Str: 31    XL:     22   Next: 82%
Magic:  22/22      EV: 23    Int: 16    God:    Trog [******]
Gold:   2076       SH: 18    Dex: 18    Spells: 21/21 levels left

rFire   . . .        v - +8 demon trident "Namah" {flame, rPois rF+ Will+ Str-4}
rCold   + + +        y - +4 kite shield "Boohuan" {rCorr Str+4 Int+3 Stlth-}
rNeg    + . .        (body armour unavailable)
rPois   +            x - +1 hat "Boasmoky" {rElec rC+ rN+ Str+3}
rElec   +            C - +1 cloak of Grot {+Inv rF- rC++ rCorr}
rCorr   +            w - +2 pair of gloves of the Four Wars {Will+ Regen+}
SInv    +            u - +0 pair of boots of Lethargy {rElec Int+2 SInv Stlth+}
Will    +++..        n - amulet "Ecriekk" {Faith Dex+3}
Stlth   ++++++       m - ring "Ziyggel" {rElec rPois Int+3}
HPRegen 1.35/turn    l - ring of Eddet {*Corrode AC+4 Dex+2 Stlth+}
MPRegen 0.18/turn

%: no teleportation, corrode self (3%), faith
@: short of breath, on berserk cooldown, flying, slowed, very slow
A: breathe lightning, AC +11, unfitting armour, big wings, electricity
resistance, cold-blooded
}: 3/15 runes: serpentine, elven, gossamer
a: Breathe Lightning, Renounce Religion, Evoke Invisibility, Berserk, Trog's
Hand, Brothers in Arms


You were in the Dungeon.
You worshipped Trog.
Trog was exalted by your worship.
You visited 1 branch You collected 7650 gold pieces.
You spent 5574 gold pieces at shops.

Inventory:

Hand Weapons
 a - a +0 spear
 p - a +4 quarterstaff of chaos
 r - a +1 spear
 s - the +10 glaive "Iryaciha" {antimagic, Str+4 Stlth-}
   (Trog gifted it to you in the Dungeon)

   Str:       It affects your strength (+4).
   Stlth:     It makes you less stealthy.
 t - a +4 bardiche of venom
 v - the +8 demon trident "Namah" (weapon) {flame, rPois rF+ Will+ Str-4}
   (Trog gifted it to you in the Dungeon)

   Str:       It affects your strength (-4).
   rF:        It protects you from fire.
   rPois:     It protects you from poison.
   Will:      It increases your willpower.
 F - the +7 trident of Trog's Righteous Anger {antimagic, rN+++ Will++ Str-5 Int-3}
   (Trog gifted it to you in the Dungeon)

   Str:       It affects your strength (-5).
   Int:       It affects your intelligence (-3).
   rN:        It renders you almost immune to negative energy.
   Will:      It greatly increases your willpower.
 G - the +11 trident of Cocytus {heavy, rElec rC+}
   (Trog gifted it to you in the Dungeon)

   rC:        It protects you from cold.
   rElec:     It insulates you from electricity.
Armour
 o - a +0 buckler
 q - a +2 cloak
 u - the +0 pair of boots of Lethargy (worn) {rElec Int+2 SInv Stlth+}
   (You bought it in a shop in the Dungeon)

   Int:       It affects your intelligence (+2).
   rElec:     It insulates you from electricity.
   SInv:      It lets you see invisible.
   Stlth:     It makes you more stealthy.
 w - the +2 pair of gloves of the Four Wars (worn) {Will+ Regen+}
   (You bought it in a shop in the Dungeon)

   Regen:     It increases your rate of health regeneration.
   Will:      It increases your willpower.
 x - the +1 hat "Boasmoky" (worn) {rElec rC+ rN+ Str+3}
   (You bought it in a shop in the Dungeon)

   Str:       It affects your strength (+3).
   rC:        It protects you from cold.
   rElec:     It insulates you from electricity.
   rN:        It protects you from negative energy.
 y - the +4 kite shield "Boohuan" (worn) {rCorr Str+4 Int+3 Stlth-}
   (You bought it in a shop in the Dungeon)

   Str:       It affects your strength (+4).
   Int:       It affects your intelligence (+3).
   rCorr:     It protects you from acid and corrosion.
   Stlth:     It makes you less stealthy.
 B - the +8 tower shield of Ablohisch {rF+}
   (You bought it in a shop in the Dungeon)

   rF:        It protects you from fire.
 C - the +1 cloak of Grot (worn) {+Inv rF- rC++ rCorr}
   (You bought it in a shop in the Dungeon)

   rF:        It makes you vulnerable to fire.
   rC:        It greatly protects you from cold.
   +Inv:      It lets you turn invisible.
   rCorr:     It protects you from acid and corrosion.
 D - the +0 cloak "Bolunt" {Harm Fly}
   (You bought it in a shop in the Dungeon)

   Fly:       It grants you flight.
   Harm:      It increases damage dealt and taken.
 H - the +1 pair of gloves of the Tundras {rCorr Str+2 Slay-6}
   (You bought it in a shop in the Dungeon)

   Str:       It affects your strength (+2).
   Slay:      It affects your accuracy & damage with ranged weapons and melee
   (-6).
   rCorr:     It protects you from acid and corrosion.
Jewellery
 l - the ring of Eddet (right hand) {*Corrode AC+4 Dex+2 Stlth+}
   (You bought it in a shop in the Dungeon)

   [ring of protection]

   AC:        It affects your AC (+4).
   Dex:       It affects your dexterity (+2).
   *Corrode:  It may corrode you when you take damage.
   Stlth:     It makes you more stealthy.
 m - the ring "Ziyggel" (left hand) {rElec rPois Int+3}
   (You bought it in a shop in the Dungeon)

   [ring of poison resistance]

   Int:       It affects your intelligence (+3).
   rElec:     It insulates you from electricity.
   rPois:     It protects you from poison.
 n - the amulet "Ecriekk" (around neck) {Faith Dex+3}
   (You bought it in a shop in the Dungeon)

   [amulet of faith]

   It allows you to gain divine favour quickly.
   Dex:       It affects your dexterity (+3).
Wands
 i - a wand of quicksilver (9)
 j - a wand of roots (5)
 z - a wand of polymorph (4)
Scrolls
 g - 4 scrolls of blinking
 k - 3 scrolls of fog
Potions
 d - 3 potions of haste
 e - 2 potions of magic
 f - a potion of berserk rage
 h - a potion of resistance
Miscellaneous
 A - a quad damage


   Skills:
 + Level 21.9 Fighting
 + Level 22.3 Polearms
 + Level 17.8 Dodging
 + Level 11.6 Stealth
 + Level 16.2 Shields


You had 21 spell levels left.
You didn't know any spells.
Your spell library was empty.

Dungeon Overview and Level Annotations

Branches:
Dungeon (1/1)

Altars:
Cheibriados
Dithmenos
Fedhas
Gozag
Kikubaaqudgha
Makhleb
Okawaru
Qazlal
Ru
Sif Muna
Trog
Uskayaw
Vehumet
Wu Jian
Xom
Yredelemnul
Zin
The Shining One
Lugonu

Shops:
D *[??*?*:[((!!!!


Innate Abilities, Weirdness & Mutations

You can breathe wild blasts of lightning.
Your glossy black scales are hard. (AC +11)
You cannot fit into any form of body armour.
Your large and strong wings let you fly.
You are resistant to electric shocks. (rElec)
You are cold-blooded and may be slowed by cold attacks.


Message History

* * * LOW HITPOINT WARNING * * *
You block the green draconian's attack.
The green draconian attacks as you move away!
The green draconian completely misses you.
You block the green draconian's attack.
The white draconian hits you but does no damage.
The red draconian hits you with a +0 mace!
* * * LOW HITPOINT WARNING * * *
You see here a +0 mace.
Activating: Breathe Lightning (1% risk of failure)
Press: ? - help, Dir - look around, f - activate Look: a purple draconian, wielding a +0 war axe You breathe a wild blast of lightning!
The orb of electricity explodes!
The orb of electricity engulfs the yellow draconian!!!
The yellow draconian is moderately wounded.
The orb of electricity engulfs the green draconian.
The green draconian is lightly wounded.
The orb of electricity engulfs you! You resist.
* * * LOW HITPOINT WARNING * * *
The orb of electricity engulfs the red draconian!
The red draconian is severely wounded.
The orb of electricity engulfs the white draconian.
The white draconian is lightly wounded.
The bolt of lightning hits the green draconian!!
The green draconian is moderately wounded.
The bolt of lightning hits the green draconian!!
The green draconian is heavily wounded.
You block the white draconian's attack. The white draconian misses you.
The red draconian hits you with a +0 mace!
* * * LOW HITPOINT WARNING * * *
The green draconian hits you with a +0 battleaxe!
* * * LOW HITPOINT WARNING * * *
You block the green draconian's attack.
You block the yellow draconian's attack.
The white draconian hits you from afar with a +1 trident of pain.
* * * LOW HITPOINT WARNING * * *
You writhe in agony.
* * * LOW HITPOINT WARNING * * *
The green draconian hits you with a +0 battleaxe!!
You die...

####.8[.....[..8.######
___......###).[...___∩##
..)....8.# #d8........∩###
.)..)..|[###°............##
))....###..)###...†......⌠#
)[.(..# #)<[# #..........⌠#
[..)..###)dd###d.........⌠#
..[...).)###d))dd........##
....[.)8.# #.8d)@.....∩###
___..[...###..dd○._._∩##
####.8)........8.######
#⌠......)....⌠#
###..[......### #_÷.).....#
#_......._# #_......._#
#∩.......∩#


You could see a black draconian, 2 draconians, a green draconian, a purple
draconian, 2 draconians and 2 draconians.

Vanquished Creatures
  Fannar (D)
  Arachne (D)
  A purple draconian (D)
  A black draconian (D)
  2 yellow draconians (D)
  A white draconian (D)
  A naga warrior (D)
  4 green deaths (D)
  3 hydras (D)
  A catoblepas (D)
  2 boulder beetles (D)
  An alligator (D)
  A skyshark (D)
  11 skeletal warriors (D)
  6 swamp dragons (D)
  2 harpies (shapeshifter) (D)
  21 ugly things (D)
  A cyclops (shapeshifter) (D)
  An elephant (shapeshifter) (D)
  A black mamba (D)
  A gargoyle (D)
  A rust devil (D)
  3 cane toads (D)
  A black mamba (shapeshifter) (D)
  2 komodo dragons (D)
  A komodo dragon (shapeshifter) (D)
  A queen bee (shapeshifter) (D)
  7 hornets (D)
  A raiju (shapeshifter) (D)
  A hornet (shapeshifter) (D)
  A blink frog (D)
  A blink frog (shapeshifter) (D)
  A yak (D)
  A wyvern (D)
  A fire bat (shapeshifter) (D)
  A basilisk (D)
  Grum (D)
  5 vampire mosquitoes (D)
  3 water moccasins (D)
  A hell hound (D)
  A black bear (D)
  A centaur (shapeshifter) (D)
  4 wolves (D)
  2 bullfrogs (D)
  2 gnoll sergeants (D)
  An earth elemental (D)
  A gnoll bouda (D)
  Crazy Yiuf (D)
  6 orc priests (D)
  7 jellies (D)
  4 iron imps (D)
  Jessica (D)
  Terence (D)
  2 gnolls (D)
  An adder (D)
  A quokka (D)
134 creatures vanquished.

Vanquished Creatures (others)
  A bloated husk (D)
1 creature vanquished.

Grand Total: 135 creatures vanquished

Notes
Turn   | Place    | Note
-------+----------+-------------------------------------------
     0 | D        | boopmooplesden the Draconian Berserker began the quest for
                  | the Orb.
     0 | D        | Reached XP level 1. HP: 19/19 MP: 1/1
     3 | D        | Found a sacrificial altar of Ru.
     3 | D        | Found an ancient bone altar of Kikubaaqudgha.
     4 | D        | Found a glowing silver altar of Zin.
     5 | D        | Found a basalt altar of Yredelemnul.
     5 | D        | Found a shimmering altar of Xom.
     5 | D        | Round 1.
     6 | D        | Found an opulent altar of Gozag.
     6 | D        | Found a bloodstained altar of Trog.
     6 | D        | Found Capragin's Identification Station.
     7 | D        | Found Loapyah's Jewellery.
     7 | D        | Found Niugucru's Advanced Armour.
    22 | D        | Bought a sparkling silver ring for 45 gold pieces
    22 | D        | Identified the ring of Eddet {*Corrode AC+4 Dex+2 Stlth+}
                  | (You bought it in a shop in the Dungeon)
    22 | D        | Bought a sparkling glass ring for 45 gold pieces
    22 | D        | Identified the ring "Ziyggel" {rElec rPois Int+3} (You
                  | bought it in a shop in the Dungeon)
    22 | D        | Bought an ancient ruby amulet for 45 gold pieces
    22 | D        | Identified the amulet "Ecriekk" {Faith Dex+3} (You bought
                  | it in a shop in the Dungeon)
    33 | D        | Found a glowing golden altar of the Shining One.
    53 | D        | Found a shadowy altar of Dithmenos.
    54 | D        | Found an ornate altar of the Wu Jian Council.
    54 | D        | Found a hide-covered altar of Uskayaw.
    54 | D        | Found Yfaorrif's Premium Goods.
    54 | D        | Found Ubbaq's Weapon Rack.
    54 | D        | Noticed Terence
    55 | D        | Found Foowaum's Miscellaneous Merchandise.
    55 | D        | Found Etivacw's Basic Armour.
    67 | D        | Reached XP level 2. HP: 24/27 MP: 2/2
    67 | D        | Found a snail-covered altar of Cheibriados.
    69 | D        | Found a blossoming altar of Fedhas.
    70 | D        | Found Baighy's Do-It-Yourself Clinic.
    71 | D        | Found Jidif's Bottled Wisdom.
    71 | D        | Found Qaec's Distillery.
    71 | D        | Found a radiant altar of Vehumet.
    71 | D        | Found a burning altar of Makhleb.
    71 | D        | Found a stormy altar of Qazlal.
    71 | D        | Found Oroxoism's Distillery.
    73 | D        | Noticed Jessica
    75 | D        | Found a shimmering blue altar of Sif Muna.
    77 | D        | Found an iron altar of Okawaru.
    81 | D        | Killed Jessica
    81 | D        | Reached ** piety under Trog
    82 | D        | Reached skill level 5 in Fighting
    82 | D        | Reached skill level 4 in Polearms
    82 | D        | Reached XP level 3. HP: 19/36 MP: 3/3
    82 | D        | Found a corrupted altar of Lugonu.
    82 | D        | Found Zaprogh's Staff Store.
    82 | D        | Found Nuceul's Magic Scroll Shop.
    91 | D        | Killed Terence
    92 | D        | Reached skill level 5 in Polearms
    92 | D        | Found Zuir's Must-Have Magic.
    92 | D        | Found Gitiog's Magic Scroll Shop.
   129 | D        | Arena points: 5 (+5) [x1]
   144 | D        | Round 2.
   150 | D        | Noticed a gnoll sergeant
   160 | D        | Killed a gnoll sergeant
   161 | D        | Reached skill level 6 in Polearms
   161 | D        | Reached skill level 5 in Dodging
   161 | D        | Reached XP level 4. HP: 38/47 MP: 4/4
   237 | D        | Reached *** piety under Trog
   238 | D        | Reached XP level 5. HP: 20/52 MP: 5/5
   243 | D        | Reached skill level 7 in Polearms
   249 | D        | Noticed Crazy Yiuf
   256 | D        | Killed Crazy Yiuf
   300 | D        | Reached **** piety under Trog
   300 | D        | Arena points: 33 (+28) [x2]
   301 | D        | Reached skill level 8 in Polearms
   347 | D        | Round 3.
   354 | D        | Noticed a wolf
   377 | D        | Killed a wolf
   378 | D        | Reached XP level 6. HP: 46/63 MP: 6/6
   399 | D        | Noticed Grum
   406 | D        | Noticed a hell hound
   449 | D        | Reached skill level 9 in Polearms
   449 | D        | Reached skill level 1 in Stealth
   456 | D        | Reached skill level 10 in Polearms
   456 | D        | Your scales start taking on a glossy black colour.
   456 | D        | Reached XP level 7. HP: 71/71 MP: 7/7
   456 | D        | Gained mutation: You are resistant to electric shocks.
                  | (rElec) [Black Draconian growth]
   460 | D        | Reached ***** piety under Trog
   461 | D        | Reached skill level 10 in Fighting
   477 | D        | Killed Grum
   477 | D        | Arena points: 96 (+63) [x3]
   478 | D        | Reached skill level 1 in Shields
   506 | D        | Round 4.
   551 | D        | Reached skill level 11 in Polearms
   652 | D        | Arena points: 208 (+112) [x4]
   704 | D        | Round 5.
   705 | D        | Noticed a naga warlord
   731 | D        | Killed a naga warlord
   731 | D        | Received a gift from Trog
   731 | D        | Arena points: 448 (+240) [x6]
   732 | D        | Reached skill level 12 in Polearms
   732 | D        | Reached skill level 10 in Dodging
   732 | D        | Reached XP level 8. HP: 32/82 MP: 8/8
   734 | D        | Got a serpentine rune of Zot
   888 | D        | Round 6.
  1005 | D        | Reached ****** piety under Trog
  1022 | D        | Arena points: 784 (+336) [x7]
  1034 | D        | Bought a pair of polished boots for 332 gold pieces
  1034 | D        | Identified the +0 pair of boots of Lethargy {rElec Int+2
                  | SInv Stlth+} (You bought it in a shop in the Dungeon)
  1078 | D        | Round 7.
  1087 | D        | Noticed a rust devil
  1120 | D        | Noticed a gargoyle
  1121 | D        | Received a gift from Trog
  1128 | D        | Killed a gargoyle
  1129 | D        | Reached skill level 13 in Polearms
  1129 | D        | Reached XP level 9. HP: 53/90 MP: 9/9
  1129 | D        | Noticed a boulder beetle
  1140 | D        | Killed a boulder beetle
  1141 | D        | Reached skill level 14 in Polearms
  1141 | D        | Reached skill level 5 in Stealth
  1146 | D        | Noticed a boulder beetle
  1161 | D        | Killed a rust devil
  1161 | D        | Identified the +8 demon trident "Namah" {flame, rPois rF+
                  | Will+ Str-4} (Trog gifted it to you in the Dungeon)
  1161 | D        | Received a gift from Trog
  1174 | D        | Killed a boulder beetle
  1175 | D        | Reached skill level 15 in Polearms
  1179 | D        | Arena points: 1344 (+560) [x8]
  1215 | D        | Round 8.
  1234 | D        | Noticed a cane toad
  1255 | D        | Killed a cane toad
  1256 | D        | Reached XP level 10. HP: 81/101 MP: 10/10
  1277 | D        | Reached skill level 16 in Polearms
  1294 | D        | Noticed a cane toad
  1320 | D        | Killed a cane toad
  1326 | D        | Noticed a catoblepas
  1351 | D        | Killed a catoblepas
  1351 | D        | Received a gift from Trog
  1366 | D        | Arena points: 2064 (+720) [x9]
  1367 | D        | Reached skill level 17 in Polearms
  1380 | D        | Bought a pair of heavily runed gloves for 332 gold pieces
  1380 | D        | Identified the +2 pair of gloves of the Four Wars {Will+
                  | Regen+} (You bought it in a shop in the Dungeon)
  1385 | D        | Bought an encrusted hat for 315 gold pieces
  1385 | D        | Identified the +1 hat "Boasmoky" {rElec rC+ rN+ Str+3} (You
                  | bought it in a shop in the Dungeon)
  1390 | D        | Round 9.
  1406 | D        | Bought a shimmering kite shield for 332 gold pieces
  1406 | D        | Identified the +4 kite shield "Boohuan" {rCorr Str+4 Int+3
                  | Stlth-} (You bought it in a shop in the Dungeon)
  1417 | D        | Noticed a black mamba
  1440 | D        | Killed a black mamba
  1465 | D        | Noticed a cane toad
  1477 | D        | Killed a cane toad
  1477 | D        | Received a gift from Trog
  1483 | D        | Noticed a skyshark
  1508 | D        | Killed a skyshark
  1508 | D        | Arena points: 2964 (+900) [x10]
  1509 | D        | Reached XP level 11. HP: 111/111 MP: 11/11
  1512 | D        | Reached skill level 15 in Fighting
  1512 | D        | Reached skill level 18 in Polearms
  1512 | D        | Reached skill level 5 in Shields
  1512 | D        | Reached XP level 12. HP: 119/119 MP: 12/12
  1554 | D        | Round 10.
  1557 | D        | Noticed Arachne
  1583 | D        | Killed Arachne
  1583 | D        | Arena points: 4044 (+1080) [x12]
  1586 | D        | Got a gossamer rune of Zot
  1587 | D        | Reached XP level 13. HP: 104/128 MP: 13/13
  1612 | D        | Bought 2 potions of experience for 600 gold pieces
  1612 | D        | Gained mutation: Your large and strong wings let you fly.
                  | [Black Draconian growth]
  1612 | D        | Reached XP level 14. HP: 136/136 MP: 14/14
  1613 | D        | Reached XP level 15. HP: 144/144 MP: 15/15
  1763 | D        | Round 11.
  1785 | D        | Received a gift from Trog
  1790 | D        | Reached skill level 19 in Polearms
  1817 | D        | Received a gift from Trog
  1877 | D        | Arena points: 5903 (+1859) [x13]
  1906 | D        | Round 12.
  1914 | D        | Received a gift from Trog
  1954 | D        | Identified the +10 glaive "Iryaciha" {antimagic, Str+4
                  | Stlth-} (Trog gifted it to you in the Dungeon)
  1954 | D        | Received a gift from Trog
  1962 | D        | Reached skill level 10 in Shields
  1966 | D        | Arena points: 7751 (+1848) [x14]
  1989 | D        | Round 13.
  2016 | D        | Received a gift from Trog
  2065 | D        | Reached skill level 20 in Polearms
  2089 | D        | Received a gift from Trog
  2141 | D        | Arena points: 10091 (+2340) [x15]
  2160 | D        | Bought a quad damage for 400 gold pieces
  2190 | D        | Round 14.
  2246 | D        | Received a gift from Trog
  2298 | D        | Received a gift from Trog
  2331 | D        | Bought 3 potions of experience for 900 gold pieces
  2331 | D        | Reached skill level 15 in Dodging
  2331 | D        | Reached XP level 16. HP: 160/160 MP: 16/16
  2332 | D        | Reached skill level 10 in Stealth
  2332 | D        | Reached XP level 17. HP: 168/168 MP: 17/17
  2333 | D        | Reached XP level 18. HP: 176/176 MP: 18/18
  2355 | D        | Arena points: 13003 (+2912) [x16]
  2370 | D        | Bought a faintly humming tower shield for 332 gold pieces
  2370 | D        | Identified the +8 tower shield of Ablohisch {rF+} (You
                  | bought it in a shop in the Dungeon)
  2370 | D        | Bought a shimmering cloak for 332 gold pieces
  2370 | D        | Identified the +1 cloak of Grot {+Inv rF- rC++ rCorr} (You
                  | bought it in a shop in the Dungeon)
  2370 | D        | Bought a brightly glowing cloak for 332 gold pieces
  2370 | D        | Identified the +0 cloak "Bolunt" {Harm Fly} (You bought it
                  | in a shop in the Dungeon)
  2376 | D        | Round 15.
  2384 | D        | Noticed Fannar
  2417 | D        | Killed Fannar
  2417 | D        | Arena points: 15973 (+2970) [x18]
  2418 | D        | Reached skill level 21 in Polearms
  2420 | D        | Got an elven rune of Zot
  2606 | D        | Round 16.
  2621 | D        | Received a gift from Trog
  2721 | D        | Received a gift from Trog
  2738 | D        | Arena points: 19621 (+3648) [x19]
  2775 | D        | Round 17.
  2823 | D        | Received a gift from Trog
  2878 | D        | Identified the +7 trident of Trog's Righteous Anger
                  | {antimagic, rN+++ Will++ Str-5 Int-3} (Trog gifted it to
                  | you in the Dungeon)
  2878 | D        | Received a gift from Trog
  2894 | D        | Reached skill level 15 in Shields
  2933 | D        | Identified the +11 trident of Cocytus {heavy, rElec rC+}
                  | (Trog gifted it to you in the Dungeon)
  2933 | D        | Received a gift from Trog
  2937 | D        | Arena points: 25061 (+5440) [x20]
  2949 | D        | Bought a pair of shimmering gloves for 332 gold pieces
  2949 | D        | Identified the +1 pair of gloves of the Tundras {rCorr
                  | Str+2 Slay-6} (You bought it in a shop in the Dungeon)
  2973 | D        | Bought 3 potions of experience for 900 gold pieces
  2973 | D        | Reached XP level 19. HP: 168/190 MP: 19/19
  2974 | D        | Reached skill level 22 in Polearms
  2974 | D        | Reached XP level 20. HP: 177/198 MP: 20/20
  2976 | D        | Reached XP level 21. HP: 197/205 MP: 21/21
  2977 | D        | Reached XP level 22. HP: 207/214 MP: 22/22
  2989 | D        | Round 18.
  3027 | D        | Identified the +14 spear of Moasoumuw {flame, rF++} (Trog
                  | gifted it to you in the Dungeon)
  3027 | D        | Received a gift from Trog
  3029 | D        | Mangled by a green draconian

Illustrated notes

Levels and vault maps discovered:
D:        arena_sprint

Skill      XL: |  1  2  3  4  5  6  7  8  9 10 11 12 13 14 15 16 17 18 19 20 21 22 |
---------------+-------------------------------------------------------------------+-----
Fighting       | 4 5 7 9 11 13 14 15 16 19 21 | 21.9
Dodging        | 3 4 5 7 8 10 11 12 13 15 17 | 17.8
Polearms       | 4 6 8 10 12 13 15 17 18 20 21 22 | 22.3
Stealth        | 1 3 4 5 6 7 8 9 10 11 | 11.6
Shields        | 3 4 5 6 7 11 12 15 16 | 16.2

Action                     |  1- 3 |  4- 6 |  7- 9 | 10-12 | 13-15 | 16-18 | 19-21 | 22-24 || total
---------------------------+-------+-------+-------+-------+-------+-------+-------+-------++-------
  Melee: Spear             |    32 |    95 |    77 |       |       |       |       |       ||   204
         Tailslap          |     4 |    17 |    28 |    14 |    33 |    30 |       |     5 ||   131
         Punch             |     1 |     1 |       |       |       |       |       |       ||     2
         Bardiche          |       |       |    53 |    10 |       |       |       |       ||    63
         Demon trident     |       |       |       |    58 |   156 |   154 |       |    22 ||   390
 Invoke: Berserk           |     2 |     2 |     2 |     2 |       |     3 |       |     1 ||    12
         Trog's Hand       |       |     1 |     1 |       |       |       |       |       ||     2
Ability: Breathe Lightning |       |       |     1 |     1 |       |       |       |     2 ||     4
    Use: Potion            |       |     2 |     2 |     2 |     3 |     3 |     4 |     1 ||    17
   Stab: Distracted        |       |     1 |     1 |     1 |     2 |       |       |     1 ||     6
 Armour: Skin              |     5 |    12 |    16 |    24 |    21 |    30 |       |     7 ||   115
  Dodge: Dodged            |    15 |    42 |    67 |    33 |    49 |    63 |       |    27 ||   296
  Block: Buckler           |       |     6 |     6 |     2 |       |       |       |       ||    14
         Kite shield       |       |       |       |    21 |    94 |   100 |       |    29 ||   244
